 Dungeon Crawl Stone Soup version 0.25.0-9-g26727b657a (webtiles) character file.

Game seed: 12646357468091229294

498 Flugkiller the Chopper (level 6, 0/57 HPs)
             Began as a Deep Dwarf Fighter on June 20, 2020.
             Slain by a gnoll shaman
             ... wielding a +0 whip
              (6 damage)
             ... on level 5 of the Dungeon.
             The game lasted 00:01:19 (1116 turns).

Flugkiller the Chopper (Deep Dwarf Fighter)         Turns: 1116, Time: 00:01:20

Health: 0/57       AC:  8    Str: 22    XL:     6   Next: 94%
Magic:  0/0        EV:  7    Int:  8    God:
Gold:   57         SH: 10    Dex: 12    Spells: 5/5 levels left

rFire    . . .     SeeInvis .   a - +0 war axe
rCold    . . .     Gourm    .   c - +0 kite shield
rNeg     . . .     Faith    .   b - +0 scale mail
rPois    .         Spirit   .   n - +0 helmet
rElec    .         Reflect  .   (no cloak)
rCorr    +         Harm     .   (no gloves)
MR       .....                  (no boots)
Stlth    ..........             (no amulet)
HPRegen  0.00/turn              k - ring of resist corrosion
MPRegen  0.07/turn              (no ring)

@: mighty, non-regenerating, glowing
A: damage resistance, heal wounds, sense surroundings 1, no regeneration
a: Heal Wounds


You were on level 5 of the Dungeon.
You were hungry.

You visited 1 branch of the dungeon, and saw 4 of its levels.
You also visited: Sewer.

You collected 57 gold pieces.

Inventory:

Hand Weapons
 a - a +0 war axe (weapon)
Armour
 b - a +0 scale mail (worn)
 c - a +0 kite shield (worn)
 n - a +0 helmet (worn)
   (You found it on level 3 of the Dungeon)
Jewellery
 k - a ring of resist corrosion (left hand)
   (You found it on level 5 of the Dungeon)
Wands
 o - a wand of enslavement (7)
   (You found it on level 5 of the Dungeon)
Scrolls
 f - 4 scrolls of teleportation {unknown}
 i - a scroll of magic mapping {unknown}
 j - a scroll of fear {unknown}
 m - a scroll of blinking {unknown}
Potions
 d - 2 potions of might
 h - 3 potions of haste {unknown}
 l - a potion of magic {unknown}
 p - a potion of curing {unknown}
Comestibles
 e - 3 rations
 g - 4 chunks of flesh


   Skills:
 + Level 3.9 Fighting
 * Level 5.5 Axes
 + Level 4.8 Armour
 + Level 4.8 Shields


You had 5 spell levels left.
You didn't know any spells.
Your spell library was empty.

Dungeon Overview and Level Annotations

Branches:
Dungeon (3/15)              Sewer (visited)

Altars:


Innate Abilities, Weirdness & Mutations

You are resistant to damage.
You can heal yourself by infusing magical energy.
You passively map a small area around you.
You do not regenerate.


Message History

The gnoll closely misses you.
The orc priest hits you but does no damage.
The gnoll hits you from afar with a +0 spear.
You block the gnoll shaman's attack.
The orc priest casts a cantrip, but nothing happens.
Items here: ! ( ) [ a +0 short sword; 9 stones; a +2 chain mail of magic resistance; a red potion Unknown command.
You closely miss the orc priest. You slash the orc!
You kill the orc!
Your shield and scale mail prevent you from hitting the gnoll shaman.
You block the gnoll's attack.
The gnoll shaman calls upon its god to heal the gnoll.
The gnoll is healed somewhat.
The gnoll hits you from afar with a +0 spear.
The orc priest calls down the wrath of Beogh upon you.
Pain shoots through your body!
* * * LOW HITPOINT WARNING * * *
The gnoll shaman hits you with a +0 whip!
You die...

, , ##. ........#.......
.... * ...........#.....
,....# *#.####.....#.....
*#....###.#####...##.....
*
,...........##....###....
....h......##....# #....
, .....>))g.#####..#
##### ,
......#hg).####..##### *
......o@)((............
.....%##..........#####
...... ############
....., ....., * ####


You could see a gnoll shaman, a howler monkey, an orc priest and a gnoll (fast).

Vanquished Creatures
  Eustachio (D:5)
  Duvessa (D:5)
  A centaur (D:5)
  Dowan (D:5)
  4 adders
  2 gnolls (D:5)
  A river rat (Sewer)
  A worm (D:5)
  3 dart slugs
  A leopard gecko (D:3)
  4 orcs (D:5)
  6 ball pythons
  4 giant cockroaches
  A goblin (D:3)
  2 hobgoblins
  2 jackals (D:3)
  4 bats
  7 frilled lizards
  4 kobolds
  10 rats
60 creatures vanquished.

Vanquished Creatures (others)
  An orc (D:5)
1 creature vanquished.

Grand Total: 61 creatures vanquished

Notes
Turn   | Place    | Note
-------+----------+-------------------------------------------
     0 | D:1      | Flugkiller the Deep Dwarf Fighter began the quest for the
                  | Orb.
     0 | D:1      | Reached XP level 1. HP: 20/20 MP: 1/1
   110 | D:1      | Reached XP level 2. HP: 20/27 MP: 2/2
   482 | D:3      | Reached skill level 3 in Axes
   496 | D:3      | Reached XP level 3. HP: 19/33 MP: 3/3
   661 | D:3      | You fall into a shaft and drop 2 floors!
   661 | D:5      | Entered Level 5 of the Dungeon
   661 | D:5      | Found a glowing drain.
   661 | D:5      | Noticed Eustachio
   684 | Sewer    | Entered a sewer
   718 | Sewer    | Reached XP level 4. HP: 35/42 MP: 3/3
  1037 | D:5      | Killed Eustachio
  1037 | D:5      | Reached skill level 4 in Axes
  1037 | D:5      | Reached XP level 5. HP: 45/49 MP: 2/2
  1072 | D:5      | Noticed Dowan
  1073 | D:5      | Noticed Duvessa
  1073 | D:5      | Noticed a centaur
  1091 | D:5      | Killed a centaur
  1091 | D:5      | Reached XP level 6. HP: 29/57 MP: 2/2
  1108 | D:5      | Killed Dowan
  1108 | D:5      | Reached skill level 5 in Axes
  1114 | D:5      | Killed Duvessa
  1116 | D:5      | Slain by a gnoll shaman

Illustrated notes

Levels and vault maps discovered:
D:1:      psy_arrival_statuary, layout_basic
D:2:      layout_basic, grunt_ministairs_5
D:3:      layout_basic, first_ration
D:5:      layout_rooms, cheibrodos_sewer_entry_sluice, hangedman_decor_growths,
          uniq_eustachio, uniq_duvessa

Skill      XL: |  1  2  3  4  5  6 |
---------------+-------------------+-----
Axes           | 3 4 5 |  5.5
Fighting       | 3 |  3.9
Armour         | 4 |  4.8
Shields        | 4 |  4.8

Action                   |  1- 3 |  4- 6 || total
-------------------------+-------+-------++-------
Melee: War axe           |   123 |   102 ||   225
 Abil: Heal Wounds       |     2 |     7 ||     9
  Use: Potion            |       |     1 ||     1
  Eat: Chunk             |       |     1 ||     1
Armor: Scale mail        |    64 |    98 ||   162
Dodge: Dodged            |    39 |    62 ||   101
Block: Kite shield       |    80 |   113 ||   193
